 Dungeon Crawl Stone Soup version 0.31.0-12-g77e489cdc1 (webtiles) character file.

Game seed: 6403462121332277507

17 lordive the Shooter (level 2, 0/25 HPs)
             Began as a Minotaur Hunter on Feb 28, 2024.
             Succumbed to a kobold's poison
             ... on level 1 of the Dungeon.
             The game lasted 00:00:36 (192 turns).

lordive the Shooter (Minotaur Hunter)                Turns: 192, Time: 00:00:36

Health: 0/25       AC:  5    Str: 15    XL:     2   Next: 44%
Magic:  1/1        EV: 11    Int:  6    God:
Gold:   3          SH:  0    Dex: 13    Spells: 1/1 levels left

rFire   . . .        a - +0 shortbow
rCold   . . .        (shield currently unavailable)
rNeg    . . .        e - +0 ring mail
rPois   .            (helmet restricted)
rElec   .            (no cloak)
rCorr   .            (no gloves)
SInv    .            (no boots)
Will    .....        (no amulet)
Stlth   +            (no ring)
HPRegen 0.24/turn    (no ring)
MPRegen 0.07/turn

%: no passive effects
@: lethally poisoned (0 -> -5)
A: horns 2, retaliatory headbutt
a: no special abilities


You were on level 1 of the Dungeon.
You visited 1 branch of the dungeon, and saw 1 of its levels.

You collected 3 gold pieces.

Inventory:

Hand Weapons
 a - a +0 shortbow (weapon)
Armour
 e - a +0 ring mail (worn)
Scrolls
 b - a scroll of butterflies
 c - a scroll of enchant weapon {unknown}
 d - a scroll of vulnerability {unknown}


   Skills:
 + Level 2.6 Fighting
 + Level 5.0 Ranged Weapons
 + Level 2.2 Dodging
 - Level 0.7 Stealth


You had one spell level left.
You didn't know any spells.
Your spell library was empty.

Dungeon Overview and Level Annotations

Branches:
Dungeon (1/15)

Altars:

Shops:
D:1 :


Innate Abilities, Weirdness & Mutations

You have a pair of horns on your head.
You reflexively headbutt those who attack you in melee.


Message History

You are too injured to fight recklessly!
You are too injured to fight recklessly!
You are too injured to fight recklessly!
You are too injured to fight recklessly!
You are too injured to fight recklessly!
You are too injured to fight recklessly!
You are too injured to fight recklessly!
You are too injured to fight recklessly!
You are too injured to fight recklessly!
You are too injured to fight recklessly!
You are too injured to fight recklessly!
You are too injured to fight recklessly!
You are too injured to fight recklessly!
You are too injured to fight recklessly!
You are too injured to fight recklessly!
You are too injured to fight recklessly!
You are too injured to fight recklessly!
Unknown command.
Fire: a) +0 shortbow
Press: ? - help, Q - select action Shift-Dir - straight line, f/p - kobold
Aim: a kobold, wielding a +2 short sword of venom (53% to hit)
You shoot an arrow. The arrow hits the kobold!
You kill the kobold!
* * * LOW HITPOINT WARNING * * *
You feel very sick.
Unknown command.
There is a lethal amount of poison in your body!
You aren't carrying any potions.
Unknown command.
* * * LOW HITPOINT WARNING * * *
You feel sick.
Things that are here:
a +2 short sword of venom; a kobold corpse; a jackal corpse
* * * LOW HITPOINT WARNING * * *
You feel very sick.
Things that are here:
a +0 dagger; a jackal corpse
* * * LOW HITPOINT WARNING * * *
You feel sick.
You die...

.#....# ###......##.
∩.... #........... #...#
#.#.#.#..### #...#
#.#...#.....
##.?.#####.#..##.####
##....##.##.#.........
#.)...#.#.#....†......
#.#)#.#.#.##.##.#†#.....
...†.†.@..###..###......
#.##'##.### .##.#.#.....
.. #)).# #.###.... h
+.##.# #....#... #.. ##
####.#### #.## #.....#
... #.#.#.# #.# #.#.#.##
### #.#.....


There were no monsters in sight!

Vanquished Creatures
  3 goblins (D:1)
  A hobgoblin (D:1)
  7 jackals (D:1)
  A frilled lizard (D:1)
  A kobold (D:1)
  A rat (D:1)
14 creatures vanquished.

Notes
Turn   | Place    | Note
-------+----------+-------------------------------------------
     0 | D:1      | lordive the Minotaur Hunter began the quest for the Orb.
     0 | D:1      | Reached XP level 1. HP: 18/18 MP: 0/0
   152 | D:1      | Found Wotow Ywe's Book Emporium.
   165 | D:1      | Reached XP level 2. HP: 25/25 MP: 1/1
   180 | D:1      | Reached skill level 5 in Ranged Weapons
   192 | D:1      | Succumbed to a kobold's poison

Illustrated notes

Levels and vault maps discovered:
D:1:      amcnicky_arrival_choice, layout_loops_cross, serial_shops, shop,
          minmay_misc_feat_doors, minmay_cupped

Skill      XL: |  1  2 |
---------------+-------+-----
Ranged Weapons | 5 |  5.0
Fighting       | |  2.6
Dodging        | |  2.2
Stealth        | |  0.7

Action                     || total
---------------------------++-------
   Fire: Shortbow          ||    36
 Armour: Leather armour    ||     1
         Ring mail         ||    20
  Dodge: Dodged            ||    21
